 Dungeon Crawl Stone Soup version 0.29.1-4-g47bece8355 (webtiles) character file.

Game seed: 2691930758345785433

4 fishmans the Shooter (level 1, -3/17 HPs)
             Began as a Draconian Hunter on Dec 3, 2022.
             Slain by a hobgoblin (4 damage)
             ... on level 1 of the Dungeon.
             The game lasted 00:06:33 (468 turns).

fishmans the Shooter (Draconian Hunter)              Turns: 468, Time: 00:06:34

Health: -3/17      AC:  4    Str: 13    XL:     1   Next: 50%
Magic:  1/1        EV: 12    Int:  9    God:
Gold:   8          SH:  0    Dex: 14    Spells: 0/0 levels left

rFire   x . .      SeeInvis .   a - +0 shortbow
rCold   + . .      Faith    .   (shield currently unavailable)
rNeg    . . .      Spirit   .   (body armour unavailable)
rPois   .          Reflect  .   (helmet restricted)
rElec   .          Harm     .   (no cloak)
rCorr   .          Rampage  .   (no gloves)
Will    .....                   (no boots)
Stlth   ++........              (no amulet)
HPRegen 0.05/turn               c - ring of ice
MPRegen 0.07/turn               (no ring)

@: no status effects
A: AC +4, unfitting armour, cold-blooded
a: no special abilities


You were on level 1 of the Dungeon.
You visited 1 branch of the dungeon, and saw 1 of its levels.

You collected 8 gold pieces.

Inventory:

Hand Weapons
 a - a +0 shortbow (weapon)
Jewellery
 c - a ring of ice (left hand)
Scrolls
 b - a scroll of immolation


   Skills:
 - Level 2.1 Fighting
 + Level 3.8 Ranged Weapons
 - Level 1.7 Dodging
 - Level 0.8 Stealth


You couldn't memorise any spells.
You didn't know any spells.
Your spell library was empty.

Dungeon Overview and Level Annotations

Branches:
Dungeon (1/15)

Altars:


Innate Abilities, Weirdness & Mutations

Your plain brown scales are hard. (AC +4)
You cannot fit into any form of body armour.
You are cold-blooded and may be slowed by cold attacks.


Message History

You shoot an arrow.
The arrow hits the endoplasm but does no damage.
The endoplasm is almost dead.
Fire: a) +0 shortbow
Press: ? - help, Shift-Dir - straight line, f/p - endoplasm
Aim: an endoplasm (almost dead, 86% to hit)
You shoot an arrow. The arrow hits the endoplasm.
You kill the endoplasm!
Found a stone staircase leading down.
A frilled lizard comes into view.
Found 11 gold pieces.
Fire: a) +0 shortbow
Press: ? - help, Shift-Dir - straight line, f - frilled lizard
Aim: a frilled lizard (asleep, 98% to hit)
You shoot an arrow. The arrow hits the frilled lizard.
You kill the frilled lizard!
You hear a shout! x3
A hobgoblin and a gnoll come into view.
The hobgoblin shouts!
The gnoll shouts!
Fire: a) +0 shortbow
Press: ? - help, Q - select action Shift-Dir - straight line, f - gnoll
Aim: a gnoll, wielding a +0 whip (64% to hit)
You shoot an arrow. The arrow barely misses the gnoll.
Fire: a) +0 shortbow
Press: ? - help, Shift-Dir - straight line, f/p - gnoll
Aim: a gnoll, wielding a +0 whip (64% to hit)
You shoot an arrow. The arrow completely misses the gnoll.
Fire: a) +0 shortbow
Press: ? - help, Shift-Dir - straight line, f/p - gnoll
Aim: a gnoll, wielding a +0 whip (64% to hit)
You shoot an arrow. The arrow barely misses the gnoll.
The gnoll hits you with a +0 whip!
Fire: a) +0 shortbow
Press: ? - help, Shift-Dir - straight line, p - gnoll You shoot an arrow.
The gnoll hits you with a +0 whip. The hobgoblin attacks as you move away!
The hobgoblin barely misses you. The gnoll attacks as you move away!
The gnoll hits you with a +0 whip.
* * * LOW HITPOINT WARNING * * *
The hobgoblin attacks as you move away! The hobgoblin hits you.
You die...

#...##...........#
#..............#.#
#....#.#######.#.#
#.........####.#.#
#..............#.#
#....#.##.######.# .
###....#.##.# #.#.# .
... +........##.# #...#
.....###@#.##.##.#
#.###
.....†.gg#+##.##.####.#
......................#
............####...##.#
###.........# ###+##.#
# #.........# #≈≈≈#.# #
#.........# +≈≈≈'.# #
#.$.......# #≈≈≈#.# #
#.........# .##+##.#


You could see a gnoll and a hobgoblin.

Vanquished Creatures
  An endoplasm (D:1)
  A quokka (D:1)
  A ball python (D:1)
  A frilled lizard (D:1)
4 creatures vanquished.

Notes
Turn   | Place    | Note
-------+----------+-------------------------------------------
     0 | D:1      | fishmans the Draconian Hunter began the quest for the Orb.
     0 | D:1      | Reached XP level 1. HP: 17/17 MP: 1/1
   468 | D:1      | Slain by a hobgoblin

Illustrated notes

Levels and vault maps discovered:
D:1:      lightli_arrival_windingriver, layout_basic,
          shapermc_ecumenical_altar_venn, minmay_liquid_box, serial_bayou_pond_c

Action                   || total
-------------------------++-------
Melee: Shortbow          ||    12
       Tailslap          ||     2
 Fire: Shortbow          ||    10
Armor: Skin              ||     9
Dodge: Dodged            ||    14
